 Dungeon Crawl Stone Soup version 0.28-a0-313-gbc0475efdd (webtiles) character file.

Game seed: 13564998178845823002

76 Dirtsage the Skirmisher (level 4, -2/35 HPs)
             Began as a Demonspawn Fighter on Aug 31, 2021.
             Slain by a gnoll (11 damage)
             ... on level 2 of the Dungeon.
             The game lasted 00:04:26 (1646 turns).

Dirtsage the Skirmisher (Demonspawn Fighter)        Turns: 1646, Time: 00:04:27

Health: -2/35      AC:  9    Str: 17    XL:     4   Next: 12%
Magic:  4/4        EV:  7    Int: 10    God:
Gold:   113        SH:  8    Dex: 12    Spells: 3/3 levels left

rFire   . . .      SeeInvis .   a - +0 long sword
rCold   . . .      Faith    .   c - +0 kite shield
rNeg    . . .      Spirit   .   b - +0 scale mail
rPois   .          Reflect  .   (no helmet)
rElec   .          Harm     .   (no cloak)
rCorr   .          Rampage  .   (no gloves)
Will    .....                   (no boots)
Stlth   ..........              (no amulet)
HPRegen 0.11/turn               (no ring)
MPRegen 0.09/turn               (no ring)

@: no status effects
A: icy blue scales 2, foul stench 1
a: no special abilities


You were on level 2 of the Dungeon.
You visited 1 branch of the dungeon, and saw 2 of its levels.

You collected 113 gold pieces.


Innate Abilities, Weirdness & Mutations

You are mostly covered in icy blue scales. (AC +3)
You may rarely emit foul miasma when damaged in melee.


   Skills:
 + Level 3.5 Fighting
 * Level 3.1 Long Blades
 - Level 2.6 Armour
 + Level 3.2 Shields


You had 3 spell levels left.
You didn't know any spells.
Your spell library was empty.

Inventory:

Hand Weapons
 a - a +0 long sword (weapon)
 e - a +0 scimitar
Armour
 b - a +0 scale mail (worn)
 c - a +0 kite shield (worn)
Scrolls
 f - a scroll of vulnerability {unknown}
 i - a scroll of summoning {unknown}
 l - 2 scrolls of teleportation {unknown}
 m - a scroll of silence {!r}
 n - a scroll of fog
 o - a scroll of identify {@r1}
Potions
 d - a potion of might
 g - 2 potions of lignification {unknown}
 h - a potion of brilliance
 j - 2 potions of haste {unknown}
 k - a potion of magic

Dungeon Overview and Level Annotations

Branches:
Dungeon (2/15)

Altars:

....... .........
#.......##
.........#
.........# .
.........# ...
.........######.....
............@g..#
.........##########
##.....#.### #.. ###
#######...## #.# #.#
###..## #.# #.#
##[.## #.# #.# #
##..###.# #.# .#
##.##..# #.# .#
#..#.## #.#


You could see a gnoll.


Message History

You hit the gnoll.
The gnoll is moderately wounded.
The gnoll barely misses you.
You hit the gnoll.
The gnoll is severely wounded.
You block the gnoll's attack. The gnoll barely misses you.
You closely miss the gnoll.
The gnoll is severely wounded.
The gnoll hits you with a +0 spear.
* * * LOW HITPOINT WARNING * * *
You hit the gnoll but do no damage.
The gnoll is severely wounded.
The gnoll closely misses you. You block the gnoll's attack.
You slash the gnoll!
You kill the gnoll!
You block the gnoll's attack.
Your Long Blades skill increases to level 3!
You hit the gnoll.
The gnoll is heavily wounded.
You block the gnoll's attack.
You slash the gnoll!
You kill the gnoll!
You block the gnoll's attack.
You have reached level 4!
You feel clever.
Your demonic ancestry asserts itself...
You begin to emit a foul stench of rot and decay.
You hit the gnoll.
The gnoll is moderately wounded.
The gnoll hits you with a +0 flail!
You die...

Skill      XL: |  1  2  3 |
---------------+----------+-----
Long Blades    | 2 3 |  3.1
Shields        | 3 |  3.2
Fighting       | |  3.5
Armour         | |  2.6

Action                   |  1- 3 |  4- 6 || total
-------------------------+-------+-------++-------
Melee: Long sword        |   146 |     1 ||   147
  Use: Scroll            |     4 |       ||     4
Armor: Scale mail        |    80 |       ||    80
Dodge: Dodged            |    53 |       ||    53
Block: Kite shield       |    64 |       ||    64

Levels and vault maps discovered:
D:1:      dpeg_arrival_tiny_h, layout_loops_ring,
          dilly_ecumenical_altar_fadedgnrine, minmay_pentomino_r2
D:2:      layout_rooms, minmay_circled_x

Notes
Turn   | Place    | Note
-------+----------+-------------------------------------------
     0 | D:1      | Dirtsage the Demonspawn Fighter began the quest for the
                  | Orb.
     0 | D:1      | Reached XP level 1. HP: 18/18 MP: 1/1
    47 | D:1      | Reached skill level 2 in Long Blades
   313 | D:1      | Found a faded altar of an unknown god.
   361 | D:1      | Gained mutation: You are partially covered in icy blue
                  | scales. (AC +2) [demonic ancestry]
   361 | D:1      | Reached XP level 2. HP: 20/24 MP: 2/2
  1076 | D:2      | Reached skill level 3 in Shields
  1173 | D:2      | Gained mutation: You are mostly covered in icy blue scales.
                  | (AC +3) [demonic ancestry]
  1173 | D:2      | Reached XP level 3. HP: 29/29 MP: 3/3
  1644 | D:2      | Reached skill level 3 in Long Blades
  1646 | D:2      | Gained mutation: You may rarely emit foul miasma when
                  | damaged in melee. [demonic ancestry]
  1646 | D:2      | Reached XP level 4. HP: 9/35 MP: 4/4
  1646 | D:2      | Slain by a gnoll

Vanquished Creatures
  3 gnolls (D:2)
  2 worms (D:2)
  3 ball pythons (D:2)
  4 bats
  4 endoplasms
  3 giant cockroaches
  4 goblins
  2 hobgoblins (D:1)
  3 jackals (D:2)
  A kobold (D:1)
  2 quokkas
  2 frilled lizards (D:1)
  3 rats
36 creatures vanquished.

Table legend: (Time is in decaauts)
 A = Elapsed time spent in this place.
 B = Non-inter-level travel time spent in this place.
 C = Inter-level travel time spent in this place.
 D = Time resting spent in this place.
 E = Time spent auto-exploring this place.
 F = Levels seen in this place.
 G = Mean time per level.
                   A        B        C        D        E       F      G
               +--------+--------+--------+--------+--------+-----+--------+
         Total |   1722 |   1714 |      8 |      0 |   1344 |   2 |  861.0 |
       Dungeon |   1722 |   1714 |      8 |      0 |   1344 |   2 |  861.0 |
               +--------+--------+--------+--------+--------+-----+--------+

Top non-repeatable levels by time:
     D:1: 1103 daAuts
     D:2: 619 daAuts

Table legend:
 A = Non-vault XP
 B = Vault XP
 C = Vault XP percentage of total XP
 D = Non-vault monster count
 E = Vault monster count
 F = Vault count percentage of total count
                 A         B        C        D         E       F
            +---------+---------+-------+---------+---------+-------
      Total |      96 |      13 |  11.9 |      30 |       6 |  16.7
            +---------+---------+-------+---------+---------+-------
        D:1 |      26 |       4 |  13.3 |      15 |       2 |  11.8
        D:2 |      70 |       9 |  11.4 |      15 |       4 |  21.1
            +---------+---------+-------+---------+---------+-------
